TOP OF THE 1ST |
Austin River Sharks batting - Pitching for Greenville 84s : RHP Dave Smith
|
Pitching: RHP Dave Smith
|
|
Batting: RHB Tom Rowe
|
0-0: Ground out 5-3 (Groundball, 56)
|
Batting: RHB Richard Coker
|
0-0: Ball 1-0: SINGLE (Groundball, 6MS) (infield hit)
|
Batting: LHB Fred Abrams
|
0-0: Called Strike 0-1: Ground out U3 (Groundball, 3S) Richard Coker to second
|
Batting: RHB Edward Young
|
0-0: Ball 1-0: Ball 2-0: Fly out, F8 (Flyball, 8LXD)
|
Top of the 1st over - 0 runs, 1 hit, 0 errors, 1 left on base; Austin 0 - Greenville 0 |
BOTTOM OF THE 1ST |
Greenville 84s batting - Pitching for Austin River Sharks : RHP José Pérez
|
Pitching: RHP José Pérez
|
|
Batting: LHB Stanley Smith
|
0-0: Swinging Strike 0-1: Swinging Strike 0-2: Strikes out looking
|
Batting: RHB Ramiro Chávez
|
0-0: Foul Ball, location: 2F 0-1: Foul Ball, location: 2F 0-2: Ball 1-2: Ball 2-2: Foul Ball, location: 2F 2-2: Foul Ball, location: 2F 2-2: Ball 3-2: Foul Ball, location: 2F 3-2: Foul Ball, location: 2F 3-2: SOLO HOME RUN (Flyball, 7D), Distance : 358 ft
|
Batting: RHB Pat Fernández
|
0-0: Ball 1-0: Swinging Strike 1-1: Foul Ball, location: 2F 1-2: Foul Ball, location: 2F 1-2: Ball 2-2: Ball 3-2: Foul Ball, location: 2F 3-2: Foul Ball, location: 2F 3-2: Foul Ball, location: 2F 3-2: Fly out, F7 (Flyball, 78S)
|
Batting: LHB Dave Raines
|
0-0: Fly out, F7 (Flyball, 78M)
|
Bottom of the 1st over - 1 run, 1 hit, 0 errors, 0 left on base; Austin 0 - Greenville 1 |
TOP OF THE 2ND |
Austin River Sharks batting - Pitching for Greenville 84s : RHP Dave Smith
|
Batting: LHB Enrico Vargas
|
0-0: Fly out, F7 (Flyball, 7S)
|
Batting: RHB Tony Cruz
|
0-0: Ground out U3 (Groundball, 3)
|
Batting: LHB José Lińares
|
0-0: Foul Ball, location: 2F 0-1: DOUBLE (Line Drive, 9LD)
|
Batting: RHB Jesús Hernández
|
0-0: Ball 1-0: Swinging Strike 1-1: Swinging Strike 1-2: Ball 2-2: Ground out 6-3 (Groundball, 6S)
|
Top of the 2nd over - 0 runs, 1 hit, 0 errors, 1 left on base; Austin 0 - Greenville 1 |
BOTTOM OF THE 2ND |
Greenville 84s batting - Pitching for Austin River Sharks : RHP José Pérez
|
Batting: LHB Jimmy Vickers
|
0-0: Called Strike 0-1: SINGLE (Groundball, 56D)
|
Batting: RHB Casey Fox
|
0-0: Ball 1-0: DOUBLE (Line Drive, 8LXD) Jimmy Vickers to third
|
Batting: LHB Robert Moore
|
0-0: Ball 1-0: Ball 2-0: Fly out, F9 (Flyball, 89S) Runner from 3rd tags up, SCORES, no throw
|
Batting: RHB Robert Buckley
|
0-0: Ball 1-0: Called Strike 1-1: Ground out 6-3 (Groundball, 56)
|
Batting: RHB Jeff Packard
|
0-0: Called Strike 0-1: Called Strike 0-2: Ground out 5-3 (Groundball, 56)
|
Bottom of the 2nd over - 1 run, 2 hits, 0 errors, 1 left on base; Austin 0 - Greenville 2 |
TOP OF THE 3RD |
Austin River Sharks batting - Pitching for Greenville 84s : RHP Dave Smith
|
Batting: RHB Andy Aiton
|
0-0: Called Strike 0-1: Ball 1-1: Called Strike 1-2: Strikes out swinging
|
Batting: RHB Tom Rowe
|
0-0: Fly out, F3 (Popup, 3F)
|
Batting: RHB Richard Coker
|
0-0: Fly out, F3 (Popup, 34S)
|
Top of the 3rd over - 0 runs, 0 hits, 0 errors, 0 left on base; Austin 0 - Greenville 2 |
BOTTOM OF THE 3RD |
Greenville 84s batting - Pitching for Austin River Sharks : RHP José Pérez
|
Batting: LHB Stanley Smith
|
0-0: Ball 1-0: Ground out 4-3 (Groundball, 4M)
|
Batting: RHB Ramiro Chávez
|
0-0: Called Strike 0-1: Ball 1-1: Called Strike 1-2: Ball 2-2: Foul Ball, location: 2F 2-2: Ball 3-2: Fly out, F8 (Flyball, 8LXD)
|
Batting: RHB Pat Fernández
|
0-0: Ground out U3 (Groundball, 3)
|
Bottom of the 3rd over - 0 runs, 0 hits, 0 errors, 0 left on base; Austin 0 - Greenville 2 |
TOP OF THE 4TH |
Austin River Sharks batting - Pitching for Greenville 84s : RHP Dave Smith
|
Batting: LHB Fred Abrams
|
0-0: Ball 1-0: Foul Ball, location: 2F 1-1: SINGLE (Groundball, 4D)
|
Batting: RHB Edward Young
|
0-0: Ball 1-0: Foul Ball, location: 2F 1-1: Swinging Strike 1-2: Foul Ball, location: 2F 1-2: Strikes out swinging Fred Abrams steals 2nd base Batter strikes out.
|
Batting: LHB Enrico Vargas
|
0-0: Ball 1-0: Ball 2-0: Ball 3-0: Base on Balls
|
Batting: RHB Tony Cruz
|
0-0: Swinging Strike 0-1: Called Strike 0-2: Ball 1-2: Hit by Pitch Fred Abrams to third Enrico Vargas to second
|
Batting: LHB José Lińares
|
0-0: Ball 1-0: SINGLE (Groundball, 6D) Fred Abrams scores Enrico Vargas to third Tony Cruz to second Runner from 3rd tries for Home, throw and OUT!
|
Batting: RHB Jesús Hernández
|
0-0: Ball 1-0: Ball 2-0: Foul Ball, location: 2F 2-1: Fly out, F3 (Line Drive, 34)
|
Top of the 4th over - 1 run, 2 hits, 0 errors, 2 left on base; Austin 1 - Greenville 2 |
BOTTOM OF THE 4TH |
Greenville 84s batting - Pitching for Austin River Sharks : RHP José Pérez
|
Batting: LHB Dave Raines
|
0-0: Called Strike 0-1: Ball 1-1: Foul Ball, location: 2F 1-2: Ground out 6-3 (Groundball, 6MS)
|
Batting: LHB Jimmy Vickers
|
0-0: Swinging Strike 0-1: Fly out, F5 (Popup, 25F)
|
Batting: RHB Casey Fox
|
0-0: Ball 1-0: Foul Ball, location: 2F 1-1: Ball 2-1: Ground out 6-3 (Groundball, 6M)
|
Bottom of the 4th over - 0 runs, 0 hits, 0 errors, 0 left on base; Austin 1 - Greenville 2 |
TOP OF THE 5TH |
Austin River Sharks batting - Pitching for Greenville 84s : RHP Dave Smith
|
Batting: RHB Andy Aiton
|
0-0: Ground out 3-1 (Groundball, 34)
|
Batting: RHB Tom Rowe
|
0-0: SINGLE (Line Drive, 7S)
|
Batting: RHB Richard Coker
|
0-0: Foul Ball, location: 2F 0-1: Called Strike 0-2: Ball 1-2: Strikes out swinging
|
Batting: LHB Fred Abrams
|
0-0: Called Strike 0-1: Ball 1-1: Ball 2-1: Ball 3-1: Foul Ball, location: 2F 3-2: Foul Ball, location: 2F 3-2: Foul Ball, location: 2F 3-2: Ground out 4-3 (Groundball, 4S)
|
Top of the 5th over - 0 runs, 1 hit, 0 errors, 1 left on base; Austin 1 - Greenville 2 |
BOTTOM OF THE 5TH |
Greenville 84s batting - Pitching for Austin River Sharks : RHP José Pérez
|
Batting: LHB Robert Moore
|
0-0: Called Strike 0-1: Foul Ball, location: 2F 0-2: Ball 1-2: Ground out 4-3 (Groundball, 4)
|
Batting: RHB Robert Buckley
|
0-0: Ball 1-0: SINGLE (Groundball, 6D)
|
Batting: RHB Jeff Packard
|
0-0: Ball 1-0: Ball 2-0: Fly out, F9 (Flyball, 9)
|
Batting: LHB Stanley Smith
|
0-0: Called Strike 0-1: Ball 1-1: Ball 2-1: Ball 3-1: Swinging Strike 3-2: Strikes out swinging
|
Bottom of the 5th over - 0 runs, 1 hit, 0 errors, 1 left on base; Austin 1 - Greenville 2 |
TOP OF THE 6TH |
Austin River Sharks batting - Pitching for Greenville 84s : RHP Dave Smith
|
Batting: RHB Edward Young
|
0-0: Ball 1-0: Swinging Strike 1-1: Ball 2-1: Ball 3-1: Base on Balls
|
Batting: LHB Enrico Vargas
|
0-0: Called Strike 0-1: Foul Ball, location: 2F 0-2: Ball 1-2: SINGLE (Groundball, 4D) Edward Young to second Runner from 2nd tries for 3rd, SAFE, no throw
|
Batting: RHB Tony Cruz
|
0-0: Called Strike 0-1: Ball 1-1: DOUBLE (Line Drive, 5D) Edward Young scores Enrico Vargas to third Runner from 3rd tries for Home, SAFE, no throw
|
Batting: LHB José Lińares
|
0-0: Intentional Walk
|
Batting: RHB Jesús Hernández
|
0-0: Foul Ball, location: 2F 0-1: Ball 1-1: Ball 2-1: Foul Ball, location: 2F 2-2: SINGLE (Groundball, 56D) Tony Cruz to third José Lińares to second
|
Batting: RHB Andy Aiton
|
0-0: Ball 1-0: SINGLE (Line Drive, 6MD) Tony Cruz scores José Lińares to third Jesús Hernández to second Runner from 3rd tries for Home, SAFE, no throw
|
Pitching: LHP Raymond Ritchie
|
|
Batting: RHB Tom Rowe
|
0-0: Called Strike 0-1: Ball 1-1: Foul Ball, location: 2F 1-2: Foul Ball, location: 2F 1-2: Foul Ball, location: 2F 1-2: Ball 2-2: Fly out, F8 (Flyball, 8RD)
|
Batting: RHB Richard Coker
|
0-0: Ball 1-0: Ball 2-0: Ball 3-0: Base on Balls Jesús Hernández to third Andy Aiton to second
|
Batting: LHB Fred Abrams
|
0-0: Reached on error, E4 (Groundball, 4) Jesús Hernández scores Andy Aiton to third Richard Coker to second
|
Batting: RHB Edward Young
|
0-0: Ball 1-0: Fly out, F6 (Line Drive, 6) Lined into DP, 6-4 (Line Drive, 6)
|
Top of the 6th over - 5 runs, 4 hits, 1 error, 2 left on base; Austin 6 - Greenville 2 |
BOTTOM OF THE 6TH |
Greenville 84s batting - Pitching for Austin River Sharks : RHP José Pérez
|
Batting: RHB Ramiro Chávez
|
0-0: Ball 1-0: Ground out 6-3 (Groundball, 6)
|
Batting: RHB Pat Fernández
|
0-0: Ball 1-0: Ball 2-0: Ball 3-0: Called Strike 3-1: Base on Balls
|
Batting: LHB Dave Raines
|
0-0: Foul Ball, location: 2F 0-1: Called Strike 0-2: Ball 1-2: Strikes out swinging
|
Batting: LHB Jimmy Vickers
|
0-0: Ball 1-0: Ball 2-0: Called Strike 2-1: Ball 3-1: Swinging Strike 3-2: Ground out 5-3 (Groundball, 5)
|
Bottom of the 6th over - 0 runs, 0 hits, 0 errors, 1 left on base; Austin 6 - Greenville 2 |
TOP OF THE 7TH |
Austin River Sharks batting - Pitching for Greenville 84s : LHP Raymond Ritchie
|
Batting: LHB Enrico Vargas
|
0-0: Fly out, F8 (Flyball, 8LM)
|
Batting: RHB Tony Cruz
|
0-0: Ball 1-0: Ground out 5-3 (Groundball, 2L)
|
Batting: LHB José Lińares
|
0-0: Swinging Strike 0-1: Fly out, F9 (Flyball, 9LS)
|
Top of the 7th over - 0 runs, 0 hits, 0 errors, 0 left on base; Austin 6 - Greenville 2 |
BOTTOM OF THE 7TH |
Greenville 84s batting - Pitching for Austin River Sharks : RHP José Pérez
|
Batting: RHB Casey Fox
|
0-0: Ball 1-0: Swinging Strike 1-1: SINGLE (Groundball, 4MD)
|
Batting: LHB Robert Moore
|
0-0: Called Strike 0-1: Ball 1-1: Ball 2-1: Ball 3-1: Base on Balls Casey Fox to second
|
Batting: RHB Robert Buckley
|
0-0: Called Strike 0-1: Swinging Strike 0-2: Strikes out looking
|
Batting: RHB Jeff Packard
|
0-0: Ball 1-0: Called Strike 1-1: Ball 2-1: Foul Ball, location: 2F 2-2: Ball 3-2: Fielders Choice at 2nd, 5-4 (Groundball, 56) Casey Fox to third
|
Batting: LHB Stanley Smith
|
0-0: Ball 1-0: Fly out, F8 (Flyball, 89D)
|
Bottom of the 7th over - 0 runs, 1 hit, 0 errors, 2 left on base; Austin 6 - Greenville 2 |
TOP OF THE 8TH |
Austin River Sharks batting - Pitching for Greenville 84s : LHP Raymond Ritchie
|
Batting: RHB Jesús Hernández
|
0-0: Foul Ball, location: 2F 0-1: DOUBLE (Flyball, 8LXD)
|
Batting: RHB Andy Aiton
|
0-0: Ball 1-0: Called Strike 1-1: Ball 2-1: Ball 3-1: SINGLE (Groundball, 56S) (infield hit) Jesús Hernández to third
|
Batting: RHB Tom Rowe
|
0-0: Ball 1-0: SINGLE (Line Drive, 4M) Jesús Hernández scores Andy Aiton to second
|
Batting: RHB Richard Coker
|
0-0: Called Strike 0-1: Grounds into double play, 4-6-3 (Groundball, 4) Andy Aiton to third
|
Batting: LHB Fred Abrams
|
0-0: Ball 1-0: Ball 2-0: Called Strike 2-1: 2-RUN HOME RUN (Flyball, 9LD), Distance : 324 ft
|
Batting: RHB Edward Young
|
0-0: Ball 1-0: Called Strike 1-1: Swinging Strike 1-2: SOLO HOME RUN (Flyball, 7LD), Distance : 349 ft
|
Batting: LHB Enrico Vargas
|
0-0: Ground out 6-3 (Groundball, 56)
|
Top of the 8th over - 4 runs, 5 hits, 0 errors, 0 left on base; Austin 10 - Greenville 2 |
BOTTOM OF THE 8TH |
Greenville 84s batting - Pitching for Austin River Sharks : RHP José Pérez
|
Batting: RHB Ramiro Chávez
|
0-0: Called Strike 0-1: Ball 1-1: Ball 2-1: Foul Ball, location: 2F 2-2: Ball 3-2: Foul Ball, location: 2F 3-2: Foul Ball, location: 2F 3-2: Foul Ball, location: 2F 3-2: Strikes out swinging
|
Pitching: RHP Pedro Leal
|
|
Batting: RHB Pat Fernández
|
0-0: Ball 1-0: Ball 2-0: Called Strike 2-1: Called Strike 2-2: Ball 3-2: Foul Ball, location: 2F 3-2: Strikes out swinging
|
Batting: LHB Dave Raines
|
0-0: Ball 1-0: Called Strike 1-1: Fly out, F9 (Flyball, 9S)
|
Bottom of the 8th over - 0 runs, 0 hits, 0 errors, 0 left on base; Austin 10 - Greenville 2 |
TOP OF THE 9TH |
Austin River Sharks batting - Pitching for Greenville 84s : LHP Raymond Ritchie
|
Batting: RHB Tony Cruz
|
0-0: Ball 1-0: Ball 2-0: Ball 3-0: Foul Ball, location: 2F 3-1: Base on Balls
|
Pitching: LHP Ed Stevens
|
|
Batting: LHB José Lińares
|
0-0: Swinging Strike 0-1: Ball 1-1: Foul Ball, location: 2F 1-2: Ball 2-2: SINGLE (Line Drive, 4MD) Tony Cruz to second
|
Batting: RHB Jesús Hernández
|
0-0: Ball 1-0: Ball 2-0: Ball 3-0: Base on Balls Tony Cruz to third José Lińares to second
|
Batting: RHB Andy Aiton
|
0-0: Called Strike 0-1: Grounds into double play, 4-6-3 (Groundball, 4) Tony Cruz scores José Lińares to third
|
Batting: RHB Tom Rowe
|
0-0: Ball 1-0: Ball 2-0: Fly out, F7 (Flyball, 7)
|
Top of the 9th over - 1 run, 1 hit, 0 errors, 1 left on base; Austin 11 - Greenville 2 |
BOTTOM OF THE 9TH |
Greenville 84s batting - Pitching for Austin River Sharks : RHP Pedro Leal
|
Batting: LHB Jimmy Vickers
|
0-0: Ball 1-0: Swinging Strike 1-1: Ball 2-1: Foul Ball, location: 2F 2-2: Ball 3-2: Foul Ball, location: 2F 3-2: Base on Balls
|
Batting: RHB Casey Fox
|
0-0: Ball 1-0: Swinging Strike 1-1: SINGLE (Groundball, 6MD) Jimmy Vickers to second
|
Batting: LHB Robert Moore
|
0-0: Called Strike 0-1: SINGLE (Flyball, 9LS) Jimmy Vickers to third Casey Fox to second
|
Batting: RHB Robert Buckley
|
0-0: Called Strike 0-1: Ball 1-1: Swinging Strike 1-2: Strikes out looking
|
Batting: RHB Jeff Packard
|
0-0: Ball 1-0: Foul Ball, location: 2F 1-1: Ball 2-1: SINGLE (Flyball, 8RS) Jimmy Vickers scores Casey Fox to third Robert Moore to second
|
Batting: LHB Stanley Smith
|
0-0: Fly out, F9 (Flyball, 9LS) Runner from 3rd tags up, SCORES, no throw
|
Batting: RHB Ramiro Chávez
|
0-0: Ball 1-0: Called Strike 1-1: Foul Ball, location: 2F 1-2: Fly out, F7 (Flyball, 78M)
|
Bottom of the 9th over - 2 runs, 3 hits, 0 errors, 2 left on base; Austin 11 - Greenville 4 |
|